 Dungeon Crawl Stone Soup version 0.23.0-2-g0fe3ce5905 (webtiles) character file.

Game seed: 14529864817455287798

363 5inchesdeepinurmom the Ruffian (level 6, -1/59 HPs)
             Began as a Troll Monk on Feb 20, 2019.
             Was a Believer of Nemelex Xobeh.
             Succumbed to a water moccasin's poison
             ... on level 6 of the Dungeon.
             The game lasted 00:02:14 (1536 turns).

5inchesdeepinurmom the Ruffian (Troll Monk)         Turns: 1536, Time: 00:02:14

Health: -1/59      AC:  8    Str: 22    XL:     6   Next: 39%
Magic:  5/5        EV: 10    Int: 12    God:    Nemelex Xobeh [**....]
Gold:   66         SH:  0    Dex: 12    Spells: 5/5 levels left

rFire    . . .     SeeInvis .     - Unarmed
rCold    . . .     Gourm    +   (no shield)
rNeg     + . .     Faith    .   l - +2 robe {rN+}
rPois    .         Spirit   .   (helmet restricted)
rElec    .         Reflect  .   (no cloak)
rCorr    .         Harm     .   (gloves unavailable)
MR       .....                  (boots unavailable)
Stlth    ++........             (no amulet)
HPRegen  0.59/turn              j - +6 ring of intelligence
MPRegen  0.09/turn              (no ring)

@: lethally poisoned (-1 -> -5), flying
A: large, unfitting armour, claws 3, fast metabolism 3, gourmand, regeneration
1, shaggy fur 1, tough skin 3
a: Draw Escape, Draw Destruction, Draw Summoning, Renounce Religion


You were on level 6 of the Dungeon.
You worshipped Nemelex Xobeh.
Nemelex Xobeh was pleased with you.
You were full.

You visited 2 branches of the dungeon, and saw 7 of its levels.

You collected 66 gold pieces.

Inventory:

Armour
 l - a +2 robe of positive energy (worn)
Jewellery
 j - a +6 ring of intelligence (left claw)
Scrolls
 c - a scroll of fog {unknown}
 d - a scroll of teleportation {unknown}
 e - 2 scrolls of identify {unknown}
 f - a scroll of remove curse {unknown}
 g - a scroll of fear {unknown}
 k - a scroll of enchant weapon {unknown}
Potions
 h - 2 potions of flight
Comestibles
 b - 5 rations


   Skills:
 - Level 2.4 Fighting
 - Level 2.4 Dodging
 - Level 1.0 Stealth
 * Level 7.3 Unarmed Combat


You had 5 spell levels left.
You didn't know any spells.
Your spell library was empty.

Dungeon Overview and Level Annotations

Branches:
Dungeon (6/15)             Temple (1/1) D:4

Altars:
Ashenzari
Cheibriados
Elyvilon
Fedhas
Gozag
Kikubaaqudgha
Nemelex Xobeh
Qazlal
Sif Muna
Uskayaw
Wu Jian
Xom
Yredelemnul
Zin
The Shining One


Innate Abilities, Weirdness & Mutations

You are too large for most types of armour.
You have claws for hands.
Your metabolism is lightning-fast.
You like to eat raw meat.
Your natural rate of healing is unusually fast.
You are covered in fur. (AC +1)
You have extremely tough skin. (AC +3)


Message History

* * * LOW HITPOINT WARNING * * *
You feel sick.
It was a potion of magic.
Magic courses through your body.
* * * LOW HITPOINT WARNING * * *
You feel sick.
You draw a card...
You have drawn the Elixir.
You begin rapidly regenerating magic.
* * * LOW HITPOINT WARNING * * *
You feel sick.
You draw a card...
You have drawn the Cloud.
Nothing appears to happen.
The deck of cards glows with a rainbow of weird colours and disappears.
* * * LOW HITPOINT WARNING * * *
You feel sick.
Okay, then.
* * * LOW HITPOINT WARNING * * *
You feel sick.
* * * LOW HITPOINT WARNING * * *
You feel sick.
You die...
Your body disappears without a glow.

#..........#
###.#<######
#######.#.....#
............#.#
#######.###.#
#.# .. #.# .##
#.# # #@#
#.......#
#.#######


There were no monsters in sight!

Vanquished Creatures
  A water moccasin (D:6)
  A scorpion (D:6)
  3 gnolls (D:5)
  4 adders
  2 worms (D:2)
  A leopard gecko (D:5)
  2 bats (D:2)
  A giant cockroach (D:2)
  2 goblins (D:2)
  4 hobgoblins
  6 jackals
  A kobold (D:1)
  4 rats (D:2)
32 creatures vanquished.

Vanquished Creatures (collateral kills)
  Sigmund (D:5)
1 creature vanquished.

Vanquished Creatures (others)
  A crimson imp (D:6)
1 creature vanquished.

Grand Total: 34 creatures vanquished

Notes
Turn   | Place    | Note
-------+----------+-------------------------------------------
     0 | D:1      | 5inchesdeepinurmom the Troll Monk began the quest for the
                  | Orb.
     0 | D:1      | Reached XP level 1. HP: 22/22 MP: 0/0
    99 | D:1      | Reached XP level 2. HP: 27/29 MP: 1/1
   140 | D:2      | Reached skill level 4 in Unarmed Combat
   381 | D:2      | Reached XP level 3. HP: 36/36 MP: 2/2
   792 | D:4      | Found a staircase to the Ecumenical Temple.
   877 | Temple   | Entered the Ecumenical Temple
   985 | Temple   | Became a worshipper of Nemelex Xobeh the Trickster
   985 | Temple   | Received a gift from Nemelex Xobeh
   985 | Temple   | Received a gift from Nemelex Xobeh
   985 | Temple   | Reached * piety under Nemelex Xobeh
   985 | Temple   | Received a gift from Nemelex Xobeh
   985 | Temple   | Reached ** piety under Nemelex Xobeh
  1089 | D:5      | Entered Level 5 of the Dungeon
  1132 | D:5      | Noticed Sigmund
  1141 | D:5      | Killed Sigmund
  1141 | D:5      | Reached skill level 5 in Unarmed Combat
  1141 | D:5      | Reached XP level 4. HP: 41/44 MP: 3/3
  1141 | D:5      | Reached XP level 5. HP: 47/50 MP: 4/4
  1379 | D:5      | Found an ornate altar of the Wu Jian Council.
  1443 | D:5      | Reached skill level 6 in Unarmed Combat
  1513 | D:6      | Noticed a water moccasin
  1529 | D:6      | Killed a water moccasin
  1529 | D:6      | Reached skill level 7 in Unarmed Combat
  1529 | D:6      | Reached XP level 6. HP: 9/59 MP: 5/5
  1534 | D:6      | HP: 1/59 [poisoned by a water moccasin]
  1536 | D:6      | Succumbed to a water moccasin's poison

Skill      XL: |  1  2  3  4  5 |
---------------+----------------+-----
Unarmed Combat | 4 5 7 |  7.3
Fighting       | |  2.4
Dodging        | |  2.4
Stealth        | |  1.0

Action                   |  1- 3 |  4- 6 || total
-------------------------+-------+-------++-------
Melee: Unarmed           |    58 |    30 ||    88
       Punch             |     2 |       ||     2
 Abil: Draw Destruction  |     1 |     4 ||     5
       Draw Summoning    |     1 |       ||     1
       Draw Escape       |       |     3 ||     3
  Use: Potion            |       |     2 ||     2
 Stab: Sleeping          |     2 |     2 ||     4
  Eat: Chunk             |    10 |     7 ||    17
Armor: Robe              |    33 |    22 ||    55
Dodge: Dodged            |    34 |    20 ||    54
